 Dungeon Crawl Stone Soup version 0.29.1-13-g9f3cf754e1 (webtiles) character file.

Game seed: 8503647123522873804

158 smeethan the Chiller (level 5, -1/28 HPs)
             Began as a Gargoyle Ice Elementalist on Jan 21, 2023.
             Was a Believer of Wu Jian.
             Slain by an orc wizard
             ... wielding a +0 dagger
              (3 damage)
             ... on level 3 of the Dungeon.
             The game lasted 00:27:25 (1987 turns).

smeethan the Chiller (Gargoyle Ice Elementalist)    Turns: 1987, Time: 00:27:25

Health: -1/28      AC:  6    Str: 12    XL:     5   Next: 39%
Magic:  9/9        EV: 12    Int: 17    God:    Wu Jian [**....]
Gold:   116        SH:  0    Dex: 10    Spells: 7/10 levels left

rFire   . . .      SeeInvis .   d - +2 rapier (drain)
rCold   . . .      Faith    .   (no shield)
rNeg    + . .      Spirit   .   a - +0 robe
rPois   ∞          Reflect  .   (no helmet)
rElec   +          Harm     .   (no cloak)
rCorr   .          Rampage  .   (no gloves)
Will    .....                   (no boots)
Stlth   ++........              n - amulet of the acrobat
HPRegen 0.09/turn               p - ring of flight
MPRegen 0.11/turn               (no ring)

@: flying
A: sickness immunity, AC +4, negative energy resistance 1, electricity
resistance, torment resistance 1, petrification resistance
a: Renounce Religion, Wall Jump


You were on level 3 of the Dungeon.
You worshipped Wu Jian.
Wu Jian was pleased with you.
You visited 1 branch of the dungeon, and saw 3 of its levels.

You collected 116 gold pieces.

Inventory:

Hand Weapons
 c - a +0 dagger
 d - a +2 rapier of draining (weapon)
Missiles
 o - 8 poisoned darts
Armour
 a - a +0 robe (worn)
 e - a +0 chain mail
 k - a scarf of invisibility
Jewellery
 n - an amulet of the acrobat (around neck)
 p - a ring of flight (left hand)
Scrolls
 f - a scroll of identify {unknown}
 g - a scroll of vulnerability {unknown}
 h - 3 scrolls of fear {unknown}
 q - 2 scrolls of enchant weapon {unknown}
 r - a scroll of blinking {unknown}
Potions
 b - a potion of magic
 j - 2 potions of flight {unknown}
 l - a potion of mutation {unknown}
 m - 2 potions of might {unknown}


   Skills:
 + Level 2.5 Dodging
 + Level 3.6 Stealth
 + Level 3.0 Spellcasting
 + Level 4.7 Ice Magic


You had 7 spell levels left.
You knew the following spells:

 Your Spells              Type           Power      Damage    Failure   Level
a - Freeze                Ice            72%        1d9       2%          1
b - Summon Small Mammal   Summ           8%         N/A       17%         1
c - Necrotise             Necr           8%         1d4       17%         1

Your spell library contained the following spells:

 Spells                   Type           Power      Damage    Failure   Level
 Frozen Ramparts          Ice            36%        1d6       8%          3
 Ozocubu's Armour         Ice            18%        N/A       8%          3
 Apportation              Tloc           4%         N/A       17%         1
 Dazzling Flash           Conj/Hex       4%         N/A       45%         3
 Hailstorm                Conj/Ice       10%        3d5       54%         4
 Agony                    Necr           2%         N/A       99%         5
 Silence                  Hex/Air        1%         N/A       99%         5
 Dispersal                Tloc           1%         N/A       100%        6
 Disjunction              Tloc           1%         N/A       100%        8


Dungeon Overview and Level Annotations

Branches:
Dungeon (3/15)

Altars:
Okawaru
Vehumet
Wu Jian

Shops:
D:2 [   D:3 [

Annotations:
D:3 exclusion: statue


Innate Abilities, Weirdness & Mutations

You are immune to sickness and miasma.
Your stone body is resilient. (AC +4)
You are immune to poison.
You resist negative energy. (rN+)
You are resistant to electric shocks. (rElec)
You are resistant to unholy torment.
You are immune to petrification.


Message History

You feel less confused.
The orc wizard hits you with a +0 dagger.
You are too injured to fight recklessly!
You hit the orc.
The orc is moderately wounded.
You hear some strange, mumbled words.
A magic dart appears from out of thin air!
The magic dart hits you! The orc completely misses you.
You barely miss the orc. Something hits you but does no damage.
You feel better. Something hits you. The orc hits you with a +0 short sword.
The orc hits you with a +0 mace.
* * * LOW HITPOINT WARNING * * *
The orc wizard hits you but does no damage.
You feel better. The orc hits you but does no damage. Something hits you.
The orc closely misses you.
The orc wizard points at you and mumbles some strange words.
You are confused.
You feel better. The orc misses you. Something hits you.
The orc hits you with a +0 mace. The orc wizard closely misses you.
You barely miss something. Something hits you.
* * * LOW HITPOINT WARNING * * *
The orc hits you with a +0 short sword.
* * * LOW HITPOINT WARNING * * *
The orc barely misses you.
The orc wizard hits you but does no damage.
You barely miss the orc.
The orc is moderately wounded.
The orc hits you with a +0 short sword.
* * * LOW HITPOINT WARNING * * *
Something hits you but does no damage.
The orc wizard gestures at you while chanting.
The puff of flame hits you but does no damage.
The orc hits you but does no damage.
The orc wizard hits you but does no damage.
The orc completely misses you. The orc misses you. Something barely misses you.
You closely miss the orc wizard. Something hits you.
* * * LOW HITPOINT WARNING * * *
The orc barely misses you. The orc closely misses you.
The orc wizard hits you with a +0 dagger.
You die...

####..##....#.#.#
#.............#.# .#
#....######.###.# .#
#...........###.# .#
#...##..........# .#
#...##.########## .#
#...##.# #... .#
#...##.###.#######.#
....'........>.o@{.#
....##.........oo###
#...######.#####o#
##### #.# #.# # #.#
#.# #.. ..) ### #.#
##### #.# #####...#
#.#


You could see an orc wizard and 3 orcs.

Vanquished Creatures
  A kobold brigand (D:3)
  Natasha (D:3)
  2 adders (D:2)
  A dart slug (D:1)
  2 orcs (D:3)
  3 bats
  4 endoplasms
  3 giant cockroaches
  2 goblins
  5 hobgoblins
  5 kobolds
  2 quokkas
  2 ball pythons
  2 frilled lizards (D:2)
  6 rats
41 creatures vanquished.

Vanquished Creatures (collateral kills)
  A frilled lizard (D:1)
1 creature vanquished.

Vanquished Creatures (others)
  3 fungi (D:1)
3 creatures vanquished.

Grand Total: 45 creatures vanquished

Notes
Turn   | Place    | Note
-------+----------+-------------------------------------------
     0 | D:1      | smeethan the Gargoyle Ice Elementalist began the quest for
                  | the Orb.
     0 | D:1      | Reached XP level 1. HP: 10/10 MP: 3/3
   134 | D:1      | Learned a level 1 spell: Summon Small Mammal
   174 | D:1      | Found a faded altar of an unknown god.
   183 | D:1      | Prayed at the altar of an unknown god.
   183 | D:1      | Became a worshipper of the Wu Jian Council
   183 | D:1      | Reached * piety under Wu Jian
   233 | D:1      | Reached XP level 2. HP: 15/15 MP: 0/5
   464 | D:2      | Found Peufaumesh's Armour Shoppe.
   522 | D:2      | Found an iron altar of Okawaru.
   565 | D:2      | Reached XP level 3. HP: 19/19 MP: 4/6
  1335 | D:3      | Found Zuirgh's Armour Shoppe.
  1380 | D:3      | Noticed Natasha
  1386 | D:3      | Killed Natasha
  1387 | D:3      | Reached XP level 4. HP: 18/24 MP: 5/8
  1547 | D:3      | Reached ** piety under Wu Jian
  1562 | D:3      | Noticed a kobold brigand
  1565 | D:3      | Learned a level 1 spell: Necrotise
  1577 | D:3      | Killed a kobold brigand
  1578 | D:3      | Reached XP level 5. HP: 16/28 MP: 7/9
  1605 | D:3      | Found a radiant altar of Vehumet.
  1607 | D:3      | Noticed a charred statue
  1987 | D:3      | Slain by an orc wizard

Illustrated notes

Levels and vault maps discovered:
D:1:      dpeg_arrival_round_b, layout_basic, shapermc_ecumenical_altar_petra,
          roderic_malta_cross
D:2:      layout_loops_ring, serial_shops, nicolae_shop_waterfront, basic_altar,
          minivault_26
D:3:      layout_basic, vehumet_statue, serial_shops, shop_fountains,
          uniq_natasha

Skill      XL: |  1  2  3  4 |
---------------+-------------+-----
Dodging        | 2 |  2.5
Stealth        | 3 |  3.6
Spellcasting   | 3 |  3.0
Ice Magic      | |  4.7

Action                   |  1- 3 |  4- 6 || total
-------------------------+-------+-------++-------
Melee: Rapier            |    41 |    21 ||    62
 Cast: Freeze            |    29 |     1 ||    30
       Summon Small Mamm |     1 |       ||     1
       Necrotise         |       |     3 ||     3
Invok: Lunge             |     7 |     3 ||    10
       Whirlwind         |     1 |       ||     1
  Use: Potion            |       |     4 ||     4
 Stab: Sleeping          |     3 |     3 ||     6
Armor: Robe              |    13 |    16 ||    29
Dodge: Dodged            |    23 |    29 ||    52
